 Dungeon Crawl Stone Soup version 0.22-a0-815-gb582571 (webtiles) character file.

6520 Gildeon the Cleaver (level 10, -29/81 HPs)
             Began as a Minotaur Fighter on July 22, 2018.
             Was a Believer of the Shining One.
             Annihilated by an alligator simulacrum (30 damage)
             ... in an ice cave on July 23, 2018.
             The game lasted 00:28:35 (8613 turns).

Gildeon the Cleaver (Minotaur Fighter)              Turns: 8613, Time: 00:28:36

Health: -29/81     AC: 14    Str: 22    XL:     10   Next: 69%
Magic:  12/12      EV:  7    Int:  6    God:    the Shining One [**....]
Gold:   455        SH: 12    Dex: 11    Spells: 9/9 levels left

rFire    . . .     SeeInvis .   a - +1 war axe
rCold    . . .     Gourm    .   c - +0 shield
rNeg     + . .     Faith    .   r - +0 plate armour
rPois    .         Spirit   .   v - +1 hat
rElec    .         Reflect  .   (no cloak)
rCorr    .         Harm     .   j - +0 pair of gloves
MR       .....                  (no boots)
Stlth    ..........             (no amulet)
HPRegen  0.23/turn              (no ring)
MPRegen  0.13/turn              (no ring)

@: glowing
A: retaliatory headbutt, horns 2
a: Divine Shield, Renounce Religion


You were in an ice cave.
You worshipped the Shining One.
The Shining One was pleased with you.
You were not hungry.

You visited 3 branches of the dungeon, and saw 10 of its levels.
You also visited: Ice Cave.

You collected 455 gold pieces.

Inventory:

Hand Weapons
 a - a +1 war axe (weapon)
 n - a +0 trident of piercing
 s - a +1 whip of flaming
Armour
 c - a +0 shield (worn)
 j - a +0 pair of gloves (worn)
 r - a +0 plate armour (worn)
 v - a +1 hat (worn)
Wands
 d - a wand of acid (12)
 g - a wand of iceblast (10)
 o - a wand of scattershot (5)
 u - a wand of digging (20)
Scrolls
 k - a scroll of blinking
 p - a scroll of remove curse
 q - 3 scrolls of teleportation
 x - a scroll of brand weapon {unknown}
 y - a scroll of fear
Potions
 b - a potion of magic
 e - 3 potions of heal wounds
 h - a potion of brilliance
 l - 2 potions of curing
 m - a potion of resistance {unknown}
 t - 4 potions of flight {unknown}
 w - 2 potions of agility {unknown}
Comestibles
 f - 8 rations


   Skills:
 - Level 5.0 Fighting
 * Level 12.5 Axes
 - Level 5.0 Armour
 - Level 5.0 Dodging
 + Level 9.8 Shields
 - Level 5.0 Invocations
 - Level 5.0 Evocations


You had 9 spell levels left.
You didn't know any spells.
Your spell library was empty.

Dungeon Overview and Level Annotations

Branches:
Dungeon (8/15)             Temple (1/1) D:5            Lair (1/6) D:8

Altars:
Ashenzari
Cheibriados
Dithmenos
Elyvilon
Gozag
Hepliaklqana
Kikubaaqudgha
Makhleb
Nemelex Xobeh
Okawaru
Qazlal
Ru
Sif Muna
Trog
Uskayaw
Vehumet
Wu Jian
Xom
Yredelemnul
Zin
The Shining One

Shops:
D:4 [!*:[   D:7 [

Annotations:
D:6 1 runed door, TheNamelessOne's ghost, novice KoFi


Innate Abilities, Weirdness & Mutations

You reflexively headbutt those who attack you in melee.
You have a pair of horns on your head.


Message History

You start resting.
All of the chunks of flesh in your inventory have rotted away.
You are feeling hungry.
There is a frozen archway here.
You eat one of the 9 rations.
That ration really hit the spot!
The world spins around you as you enter the gateway.
You enter an ice cave! 4 simulacra come into view.
There is an ice choked empty arch of ancient stone here.
There are monsters nearby!
There is an ice choked empty arch of ancient stone here.
You hit the alligator simulacrum.
The alligator simulacrum is lightly damaged.
You slash the polar bear simulacrum! The alligator simulacrum bites you!
The alligator simulacrum freezes you!!
* * * LOW HITPOINT WARNING * * *
The alligator simulacrum tail-slaps you.
* * * LOW HITPOINT WARNING * * *
The alligator simulacrum freezes you!!
You die...

#####
##...##
##..∩..##
#.......#
#...∩...#
##..@..##
##ZZZ##
#.Z.#
...##
#...#
##...
##.. ##.


You could see 2 alligator simulacra, an elephant simulacrum and a polar bear
simulacrum.

Vanquished Creatures
  A two-headed ogre (D:8)
  Pikel (D:6)
  A komodo dragon (Lair:1)
  2 hippogriffs
  A wyvern (D:8)
  A basilisk (D:8)
  A swamp drake (D:8)
  4 orc warriors
  3 sky beasts (D:6)
  2 slaves (D:6)
  2 black bears
  8 ice beasts (Lair:1)
  4 ogres
  A phantom (D:8)
  4 crocodiles
  4 centaurs
  4 bullfrogs
  A gnoll sergeant (D:5)
  A water moccasin zombie (D:8)
  2 scorpions
  4 killer bees (D:8)
  A centaur zombie (D:8)
  4 crimson imps
  2 gnoll shamans
  4 hounds
  3 jellies
  An iguana (D:5)
  5 orc wizards
  5 worker ants
  A worker ant zombie (D:7)
  16 gnolls
  17 adders
  A shadow imp (D:5)
  An ooze (D:6)
  An adder skeleton (D:5)
  3 worms
  A dart slug (D:2)
  4 leopard geckos
  24 orcs
  11 bats
  9 giant cockroaches
  14 goblins
  6 hobgoblins
  20 jackals
  6 quokkas
  A ball python (D:3)
  3 frilled lizards
  A jackal skeleton (D:8)
  8 kobolds
  15 rats
240 creatures vanquished.

Vanquished Creatures (others)
  An orc warrior (D:6)
  A bullfrog (D:6)
  An orc priest (D:6)
  2 withered plants (D:6)
5 creatures vanquished.

Grand Total: 245 creatures vanquished

Notes
Turn   | Place    | Note
-------+----------+-------------------------------------------
     0 | D:1      | Gildeon the Minotaur Fighter began the quest for the Orb.
     0 | D:1      | Reached XP level 1. HP: 19/19 MP: 0/0
    75 | D:1      | Reached XP level 2. HP: 27/27 MP: 1/1
   252 | D:1      | Reached skill level 3 in Axes
   443 | D:1      | Reached skill level 1 in Dodging
   745 | D:2      | Reached XP level 3. HP: 33/33 MP: 2/2
   973 | D:2      | Reached XP level 4. HP: 36/40 MP: 3/3
  1036 | D:2      | Reached skill level 4 in Axes
  1095 | D:2      | Found a sacrificial altar of Ru.
  1334 | D:3      | Reached XP level 5. HP: 37/46 MP: 4/4
  2558 | D:4      | Found Itauxyowou's Armour Shop.
  2614 | D:4      | Reached XP level 6. HP: 36/53 MP: 5/5
  2884 | D:4      | Found Mute's Book Shop.
  3017 | D:4      | Found Wopniurr's Assorted Antiques.
  3063 | D:4      | Found Ruvvin's Distillery.
  3084 | D:4      | Found Bomn's Antique Armour Shop.
  3408 | D:5      | Entered Level 5 of the Dungeon
  3424 | D:5      | Reached skill level 5 in Axes
  3458 | D:5      | Reached skill level 5 in Shields
  3657 | D:5      | Reached skill level 5 in Armour
  3660 | D:5      | Reached skill level 5 in Fighting
  3734 | D:5      | Found a staircase to the Ecumenical Temple.
  3739 | D:5      | Reached XP level 7. HP: 53/61 MP: 6/6
  3772 | Temple   | Entered the Ecumenical Temple
  3931 | Temple   | Became a worshipper of the Shining One
  4139 | D:5      | Reached skill level 6 in Axes
  4322 | D:5      | Reached skill level 1 in Evocations
  4634 | D:6      | Reached skill level 7 in Axes
  4643 | D:6      | Reached XP level 8. HP: 40/68 MP: 8/8
  4934 | D:6      | Noticed Pikel
  4952 | D:6      | Killed Pikel
  4952 | D:6      | Reached skill level 8 in Axes
  4952 | D:6      | Reached skill level 1 in Invocations
  4958 | D:6      | Reached skill level 5 in Dodging
  5006 | D:6      | Found a runed door.
  5006 | D:6      | Noticed TheNamelessOne's ghost (novice KoFi)
  5483 | D:6      | Reached XP level 9. HP: 65/74 MP: 10/10
  5572 | D:6      | Reached skill level 9 in Axes
  5925 | D:7      | Found Lafa's Armour Shoppe.
  5998 | D:7      | HP: 2/74 [orc warrior/glaive (10)]
  6377 | D:7      | Reached * piety under the Shining One
  6610 | D:7      | Upgraded the game from 0.22-a0-803-gd6d8abe to 0.22-a0-815-gb582571
  6644 | D:7      | Found an iron altar of Okawaru.
  6648 | D:7      | Reached skill level 10 in Axes
  6790 | D:7      | Found a sparkling altar of Nemelex Xobeh.
  7468 | D:8      | Noticed a two-headed ogre
  7481 | D:8      | Reached XP level 10. HP: 38/81 MP: 12/12
  7482 | D:8      | Killed a two-headed ogre
  7482 | D:8      | Reached skill level 11 in Axes
  7482 | D:8      | Reached skill level 5 in Evocations
  7754 | D:8      | Reached ** piety under the Shining One
  7914 | D:8      | Reached skill level 5 in Invocations
  8176 | D:8      | Found a staircase to the Lair.
  8357 | D:8      | Found a hazy altar of Hepliaklqana.
  8520 | Lair:1   | Entered Level 1 of the Lair of Beasts
  8548 | Lair:1   | Reached skill level 12 in Axes
  8549 | Lair:1   | Found a frozen archway.
  8609 | IceCv    | Entered an ice cave
  8613 | IceCv    | HP: 1/81 [alligator simulacrum (5)]
  8613 | IceCv    | Annihilated by an alligator simulacrum

Vault maps used:
D:1:      dpeg_arrival_radiant
D:2:      nicolae_ru_the_path_less_chosen
D:3:      first_ration
D:4:      serial_shops, nicolae_shop_statue_plus, nicolae_shop_trees,
          nicolae_shop_behind_doors, kennysheep_mini_moat, shop
D:5:      minmay_temple_entry_junction
D:6:      gammafunk_ghost_grave, uniq_pikel
D:7:      lemuel_coloured_pillars_altar, nicolae_overflow_hidden_temple,
          serial_shops, kennysheep_mini, basic_altar
D:8:      marbit_many_paths, erik_lair_dragon
Temple:   dpeg_five_rooms_temple
Lair:1:   nicolae_volcano_entry_s_turn, portal_ice_cave_entry_ice_beasts
IceCv:    ice_cave_small_necro

Skill      XL: |  1  2  3  4  5  6  7  8  9 10 |
---------------+-------------------------------+-----
Axes           | 3 4 5 7 8 10 12 | 12.5
Dodging        | 1 2 3 4 5 |  5.0
Armour         | 4 5 |  5.0
Shields        | 4 5 6 7 8 9 |  9.8
Fighting       | 4 5 |  5.0
Evocations     | 2 3 4 5 |  5.0
Invocations    | 2 4 5 |  5.0

Action                   |  1- 3 |  4- 6 |  7- 9 | 10-12 || total
-------------------------+-------+-------+-------+-------++-------
Melee: War axe           |    93 |   217 |   261 |    79 ||   650
       Headbutt          |    13 |    33 |    43 |    19 ||   108
  Use: Scroll            |     1 |    11 |     4 |     2 ||    18
       Potion            |       |     2 |     2 |       ||     4
  Eat: Chunk             |       |     8 |     7 |     3 ||    18
       Ration            |       |     1 |     1 |     1 ||     3
Armor: Scale mail        |    59 |     9 |       |       ||    68
       Chain mail        |       |    75 |       |       ||    75
       Plate armour      |       |    55 |   174 |    27 ||   256
Dodge: Dodged            |    37 |    73 |    84 |    23 ||   217
Block: Shield            |    52 |   164 |   196 |    38 ||   450

Table legend:
 A = Spawn XP
 B = Non-spawn XP
 C = Spawn XP percentage of total XP
 D = Spawn monster count
 E = Non-spawn monster count
 F = Spawn count percentage of total count
 G = Total turns spent on level
                    A         B        C        D         E        F      G
               +---------+---------+-------+---------+---------+-------+---------
         Total |       0 |    9315 |   0.0 |       0 |     239 |   0.0 |  8613
               +---------+---------+-------+---------+---------+-------+---------
           D:1 |       0 |      40 |   0.0 |       0 |      25 |   0.0 |   744
           D:2 |       0 |     120 |   0.0 |       0 |      26 |   0.0 |   537
           D:3 |       0 |     140 |   0.0 |       0 |      39 |   0.0 |  1166
           D:4 |       0 |     128 |   0.0 |       0 |       7 |   0.0 |  1143
           D:5 |       0 |     609 |   0.0 |       0 |      35 |   0.0 |   660
           D:6 |       0 |    2131 |   0.0 |       0 |      28 |   0.0 |  1224
           D:7 |       0 |    1364 |   0.0 |       0 |      31 |   0.0 |  1169
           D:8 |       0 |    3272 |   0.0 |       0 |      38 |   0.0 |  1512
        Lair:1 |       0 |    1511 |   0.0 |       0 |      10 |   0.0 |    89
               +---------+---------+-------+---------+---------+-------+---------
